 Dungeon Crawl Stone Soup version 0.16.1-11-g651b585 (webtiles) character file.

16120 wojtek the Nimble (level 12, -11/82 HPs)
             Began as a Kobold Assassin on Mar 31, 2015.
             Was a Priest of Makhleb.
             Mangled by a polar bear (16 damage)
             ... on level 3 of the Lair of Beasts on Apr 1, 2015.
             The game lasted 01:00:06 (25556 turns).

wojtek the Nimble (Kobold Assassin)                Turns: 25556, Time: 01:00:06

Health: -11/82     AC: 12    Str:  7 (10) XL:     12   Next: 66%
Magic:  25/25      EV: 23    Int: 12 (13) God:    Makhleb [***...]
Gold:   706        SH:  0    Dex: 16 (18) Spells: 0 memorised, 11 levels left

rFire  . . .     SeeInvis .     A - +0 short sword (flame)
rCold  . . .     Clarity  .     p - +3 leather armour {rPois}
rNeg   . . .     SustAb   .     (no shield)
rPois  +         Gourm    .     y - +1 helmet
rElec  .         Spirit   .     d - +0 cloak
rCorr  .         Warding  .     P - +0 pair of gloves
rMut   .         Stasis   .     v - +1 pair of boots
MR     .....                    m - amulet of rage
Stlth  +++.......               (no ring)
                                (no ring)

@: studying Stealth, not resistant to hostile enchantments, fairly stealthy
A: carnivore 3, deterioration 1
a: Minor Destruction, Lesser Servant of Makhleb, Renounce Religion, Evoke
Berserk Rage


You were on level 3 of the Lair of Beasts.
You worshipped Makhleb.
Makhleb was most pleased with you.
You were very full.

You visited 3 branches of the dungeon, and saw 14 of its levels.
You also visited: Labyrinth and Ice Cave.

You collected 706 gold pieces.

Inventory:

Hand weapons
 a - a +2 dagger of freezing
 c - a +6 blowgun
 A - a +0 short sword of flaming (weapon)
Missiles
 e - 94 poisoned needles
 f - 2 curare-tipped needles {=f}
 F - a throwing net (quivered)
Armour
 d - a +0 cloak (worn)
 p - a +3 leather armour of poison resistance (worn)
 v - a +1 pair of boots (worn)
 y - a +1 helmet (worn)
 P - a +0 pair of gloves (worn)
 X - a +2 robe of fire resistance
Jewellery
 m - an amulet of rage (around neck)
 I - an uncursed ring of ice
Magical devices
 b - a wand of frost (12)
 R - a wand of polymorph (11)
 T - a wand of confusion (17)
 U - a wand of disintegration (11)
 V - a wand of frost (38)
Scrolls
 j - 2 scrolls of fog
 n - 10 scrolls of remove curse
 q - a scroll of magic mapping {unknown}
 t - 4 scrolls of identify
 x - a scroll of fear
 J - 3 scrolls of teleportation
Potions
 h - 6 potions of curing
 i - 3 potions of restore abilities
 k - 3 potions of ambrosia
 l - a potion of agility
 o - a potion of haste
 r - a potion of lignification
 s - 2 potions of heal wounds
 C - 3 potions of mutation
Books
 z - a manual of Stealth
Comestibles
 g - 8 meat rations


   Skills:
 + Level 12.5 Fighting
 - Level 8.5 Short Blades
 - Level 2.6 Throwing
 + Level 2.3 Armour
 + Level 13.4 Dodging
 - Level 5.3 Stealth
 - Level 9.7 Invocations


You had 11 spell levels left.
You didn't know any spells.

Dungeon Overview and Level Annotations

Branches:
Dungeon (10/15)            Temple (1/1) D:6            Lair (3/8) D:9
    Orc (0/4) D:9
  Swamp: Lair:3-6    Shoals: Lair:3-6     Snake: Lair:3-6    Spider: Lair:3-6

Altars:
Ashenzari
Cheibriados
Dithmenos
Elyvilon
Fedhas
Gozag
Kikubaaqudgha
Makhleb
Nemelex Xobeh
Okawaru
Qazlal
Ru
Sif Muna
Trog
Vehumet
Xom
Yredelemnul
Zin
The Shining One

Shops:
D:7 (   D:8 }

Annotations:
D:7 4 runed doors
D:9 exclusion: downstairs
D:10 Alarkh's ghost, powerful SpBe
Lair:2 exclusions: hydra and spiny frog


Innate Abilities, Weirdness & Mutations

You are small and have problems with some larger weapons.
You are carnivorous and can eat meat at any time.
Your body is slowly deteriorating.


Message History

You hit the polar bear. You burn the polar bear.
The polar bear is severely wounded.
You hit the polar bear but do no damage.
The polar bear is severely wounded.
The polar bear bites you!
* * * LOW HITPOINT WARNING * * *
The polar bear completely misses you. The polar bear barely misses you.
You hit the polar bear. You burn the polar bear.
The polar bear is almost dead.
The polar bear completely misses you. The polar bear barely misses you.
The polar bear claws you but does no damage.
You hit the polar bear but do no damage.
The polar bear is almost dead.
You hit the polar bear. You burn the polar bear.
The polar bear is almost dead.
The polar bear goes berserk!
You hit the polar bear. You burn the polar bear.
The polar bear is almost dead.
The polar bear bites you!
You die...

. #...# #...#
###.#####
#.......#
#..#...##
###.##..######
#.......#....#
#..#####....h.###
##P#####.P#@#.#
#.....P####..##
##..P.P.##P.##
#.##.......P#
#}.###.##.P.##
##h. ###..#...#
#.$| #P..#..##
######..##...#
##. #...#


You could see a polar bear (berserk).

Vanquished Creatures
  A minotaur (Lab)
  A hydra (Lair:2)
  The ghost of abixa the Basher, an experienced OgSk of Okawaru (D:6)
  Erolcha (D:8)
  2 ice statues (IceCv)
  Maurice (D:8)
  A black mamba (Lair:1)
  Psyche (D:8)
  A spiny frog (Lair:2)
  3 blue devils (IceCv)
  The ghost of Radiman the Digger, an experienced GrEE (D:4)
  A troll (D:9)
  2 polar bears (Lair:3)
  3 slime creatures (D:9)
  A wyvern (D:9)
  2 hippogriffs
  Eustachio (D:9)
  2 hungry ghosts (Lab)
  9 yaks
  3 porcupines
  3 sky beasts
  A water moccasin (Lair:2)
  7 orc warriors
  2 phantoms
  A necrophage (D:8)
  5 black bears
  22 ice beasts
  4 ogres
  2 centaurs
  A crocodile (Lair:2)
  A big kobold (D:9)
  Blork the orc (D:8)
  9 giant frogs
  3 scorpions
  2 killer bees (D:8)
  4 wights
  4 lava snakes (Lab)
  2 quasits
  3 orc priests
  A crimson imp (D:5)
  5 hounds
  A draconian simulacrum (IceCv)
  A giant frog zombie (D:8)
  2 goliath beetles
  3 jellies
  Crazy Yiuf (D:2)
  3 giant frog skeletons
  5 iguanas
  8 orc wizards
  5 troll simulacra (IceCv)
  7 worker ants
  6 sheep (Lair:1)
  2 hound zombies (D:5)
  A mummy (D:8)
  A hound skeleton (D:9)
  4 gnolls (D:5)
  2 ogre simulacra (IceCv)
  11 adders
  2 naga simulacra (IceCv)
  8 white imps (Lair:1)
  2 giant mites (D:9)
  3 worms
  A shadow imp (D:9)
  An adder skeleton (D:5)
  7 giant geckos
  An ooze (D:4)
  38 orcs
  13 bats
  A bat skeleton (D:6)
  6 giant cockroaches
  10 goblins
  17 hobgoblins
  4 jackals (D:3)
  5 quokkas
  4 ball pythons
  A giant gecko skeleton (D:4)
  7 giant newts
  A giant spore (D:7)
  A jackal skeleton (D:8)
  23 kobolds
  3 quokka skeletons
  17 rats
  5 ballistomycetes
365 creatures vanquished.

Vanquished Creatures (collateral kills)
  2 ice devils (IceCv)
  A necromancer (IceCv)
  A black mamba (Lair:1)
  6 blue devils (IceCv)
  A neqoxec (IceCv)
  2 hippogriffs (Lair:1)
  A giant frog (Lair:2)
  An adder (Lair:1)
  4 white imps (Lair:1)
  2 ufetubi (IceCv)
21 creatures vanquished.

Vanquished Creatures (others)
  An orange demon (IceCv)
  4 smoke demons
  2 hellwings (IceCv)
  A ynoxinul (IceCv)
  A neqoxec (Lab)
  A giant frog (Lair:1)
  5 ufetubi (IceCv)
  A giant spore (D:8)
16 creatures vanquished.

Grand Total: 402 creatures vanquished

Notes
Turn   | Place    | Note
--------------------------------------------------------------
     0 | D:1      | wojtek, the Kobold Assassin, began the quest for the Orb.
     0 | D:1      | Reached XP level 1. HP: 12/12 MP: 1/1
   111 | D:1      | Reached XP level 2. HP: 12/17 MP: 2/2
  1057 | D:2      | Reached XP level 3. HP: 8/21 MP: 3/3
  1366 | D:2      | Found a glowing golden altar of the Shining One.
  1578 | D:2      | Reached skill level 5 in Short Blades
  1602 | D:2      | Reached XP level 4. HP: 19/26 MP: 4/4
  1764 | D:2      | Noticed Crazy Yiuf
  1782 | D:2      | Killed Crazy Yiuf
  1782 | D:2      | Reached skill level 6 in Short Blades
  2457 | D:2      | You fall through a shaft for 2 floors!
  2780 | D:4      | Reached XP level 5. HP: 26/30 MP: 5/5
  3157 | D:4      | Reached skill level 7 in Short Blades
  3178 | D:4      | Noticed an ogre
  3222 | D:4      | Killed an ogre
  3222 | D:4      | Reached skill level 8 in Short Blades
  3222 | D:4      | Reached XP level 6. HP: 23/35 MP: 6/6
  3343 | D:4      | Found a shattered altar of Ashenzari.
  3487 | D:4      | Noticed an ogre
  3532 | D:4      | Noticed Radiman's ghost (experienced GrEE)
  3769 | D:3      | Found a radiant altar of Vehumet.
  4275 | D:3      | Reached XP level 7. HP: 40/40 MP: 7/7
  5233 | D:4      | Killed Radiman's ghost
  5474 | D:4      | Killed an ogre
  5474 | D:4      | Reached XP level 8. HP: 48/48 MP: 8/8
  5580 | D:5      | Entered Level 5 of the Dungeon
  5814 | D:4      | Reached skill level 5 in Fighting
  5814 | D:4      | Reached skill level 5 in Dodging
  7191 | D:6      | Noticed abixa's ghost (experienced OgSk)
  7429 | D:6      | Killed abixa's ghost
  7429 | D:6      | Reached XP level 9. HP: 50/57 MP: 9/9
  8316 | D:6      | Found a shadowy altar of Dithmenos.
  8321 | D:6      | Found a sacrificial altar of Ru.
  8435 | D:6      | Found a staircase to the Ecumenical Temple.
  8452 | Temple   | Entered the Ecumenical Temple
  8620 | Temple   | Became a worshipper of Makhleb the Destroyer
  9769 | D:7      | Reached skill level 1 in Invocations
  9791 | D:7      | Found Seuh's Weapon Emporium.
  9955 | D:7      | Found a huge runed gate.
  9956 | D:7      | Found a huge runed gate.
  9956 | D:7      | Found a huge runed gate.
 10054 | D:7      | Reached skill level 9 in Dodging
 10064 | D:7      | Acquired Makhleb's first power
 10123 | D:7      | Found a huge runed gate.
 10124 | D:7      | Noticed a polar bear
 10125 | D:7      | Noticed a polar bear
 10125 | D:7      | Noticed a polar bear
 10333 | D:7      | Noticed a polar bear
 10335 | D:7      | Noticed a polar bear
 10335 | D:7      | Noticed a griffon
 10336 | D:7      | Noticed a griffon
 10344 | D:7      | Noticed a griffon
 10440 | D:7      | Found a bloodstained altar of Trog.
 11200 | D:8      | Found Giorup Igua's Gadget Shop.
 11201 | D:8      | Noticed Blork the orc
 11278 | D:8      | Reached XP level 10. HP: 65/65 MP: 12/15
 11300 | D:8      | Noticed Psyche
 11337 | D:8      | Noticed Maurice
 11368 | D:8      | Killed Maurice
 11445 | D:8      | Found a stormy altar of Qazlal.
 11462 | D:8      | Noticed Erolcha
 11465 | D:8      | Killed Erolcha
 11465 | D:8      | Reached skill level 10 in Dodging
 11603 | D:8      | Reached skill level 5 in Invocations
 11615 | D:8      | Acquired Makhleb's second power
 12165 | D:9      | Found a blossoming altar of Fedhas.
 12616 | D:9      | Noticed Eustachio
 12642 | D:9      | Killed Eustachio
 12724 | D:9      | Reached skill level 10 in Fighting
 12782 | D:9      | Found a glowing silver altar of Zin.
 13084 | D:9      | Found a staircase to the Lair.
 13381 | D:9      | HP: 2/68 [orc warrior/long sword (19)]
 13754 | D:8      | Reached skill level 11 in Dodging
 13754 | D:8      | Reached XP level 11. HP: 24/72 MP: 21/21
 13913 | D:8      | Acquired Makhleb's third power
 14356 | D:9      | Found a staircase to the Orcish Mines.
 15854 | D:9      | Found a blossoming altar of Fedhas.
 17056 | D:9      | Found a staircase to the Lair.
 17169 | D:9      | Found a glowing silver altar of Zin.
 17486 | D:9      | Found a staircase to the Orcish Mines.
 17692 | D:8      | Killed Psyche
 17765 | D:8      | Killed Blork the orc
 18132 | D:8      | Found Giorup Igua's Gadget Shop.
 18204 | D:8      | Found a stormy altar of Qazlal.
 18405 | D:10     | Entered Level 10 of the Dungeon
 18418 | D:10     | Noticed a hill giant
 18486 | D:10     | Noticed Alarkh's ghost (powerful SpBe)
 19215 | Lair:1   | Entered Level 1 of the Lair of Beasts
 19368 | Lair:1   | Reached skill level 12 in Dodging
 19388 | Lair:1   | Acquired Makhleb's fourth power
 19568 | Lair:1   | Found a frozen archway.
 19607 | IceCv    | Entered an ice cave
 19653 | IceCv    | Noticed an ice devil
 19667 | IceCv    | Killed an ice devil
 19762 | IceCv    | Noticed an ice statue
 19762 | IceCv    | Noticed an ice statue
 19765 | IceCv    | Noticed an ice devil
 19783 | IceCv    | Killed an ice devil
 19787 | IceCv    | Gained mutation: Your body is slowly deteriorating. [a neqoxec]
 21441 | IceCv    | Killed an ice statue
 22109 | IceCv    | Killed an ice statue
 22109 | IceCv    | Reached XP level 12. HP: 54/80 MP: 23/25
 22698 | IceCv    | Noticed a necromancer
 22707 | IceCv    | Killed a necromancer
 23781 | Lair:2   | Found a labyrinth entrance.
 23805 | Lab      | Entered a labyrinth
 23972 | Lab      | Reached skill level 13 in Dodging
 24285 | Lab      | Noticed a minotaur
 24343 | Lab      | Killed a minotaur
 24343 | Lab      | Reached skill level 1 in Armour
 24569 | Lair:2   | Noticed a seven-headed hydra
 24592 | Lair:2   | Killed a seven-headed hydra
 24682 | Lair:2   | Got a smoking flail
 24685 | Lair:2   | Identified the +9 flail of True Grit {crush, rN++} (You found it on level 2 of the Lair of Beasts)
 24767 | Lair:2   | Noticed an eight-headed hydra
 25556 | Lair:3   | Mangled by a polar bear

Action                   |  1- 3 |  4- 6 |  7- 9 | 10-12 || total
-------------------------+-------+-------+-------+-------++-------
Melee: Dagger            |    94 |   185 |   520 |   544 ||  1343
       Short sword       |       |       |    43 |  1279 ||  1322
 Fire: Blowgun           |     3 |    13 |    45 |    57 ||   118
Invok: Lesser Servant of |       |       |       |    24 ||    24
       Minor Destruction |       |       |       |     2 ||     2
 Abil: Evoke Berserk Rag |       |       |     3 |     2 ||     5
Evoke: Wand              |       |       |     1 |     6 ||     7
  Use: Scroll            |       |       |     2 |    22 ||    24
       Potion            |       |       |       |    10 ||    10
 Stab: Sleeping          |     3 |     9 |    11 |    19 ||    42
       Distracted        |     1 |     1 |     3 |     7 ||    12
       Fleeing           |       |       |     1 |       ||     1
       Invisible         |       |       |       |     2 ||     2
  Eat: Chunk             |    10 |     9 |    24 |    37 ||    80
       Pizza             |       |       |       |     2 ||     2
       Meat ration       |       |       |       |     1 ||     1
       Royal jelly       |       |       |       |     1 ||     1
       Beef jerky        |       |       |       |     1 ||     1
